[Event "Titled Tuesday Blitz December 06 Early 2022"]
[White "Alex_Sahakyan2006"]
[Black "Berezin, Viktor"]
[BlackFideId "14107872"]
[WhiteElo "2555"]
[BlackElo "2374"]
[Result "1-0"]
[Round "07"]
[TimeControl "180+1"]
[Date "2022.12.07"]
[WhiteClock "0:00:04"]
[BlackClock "0:00:08"]

1. e4 c6 2. d4 d5 3. exd5 cxd5 4. Bd3 Nc6 5. c3 Nf6 6. Bf4 g6 7. Nd2 Bg7 8. Ne2 Bf5 9. Bxf5 gxf5 10. Ng3 e6 11. Nh5 Nxh5 12. Qxh5 Qf6 13. Nf3 Qg6 14. Qh4 Qg4 15. Qg3 O-O-O 16. h3 Qxg3 17. Bxg3 Bh6 18. Be5 Rhg8 19. g4 f4 20. O-O-O Nxe5 21. Nxe5 Rdf8 22. f3 b6 23. Kc2 Kc7 24. a4 f6 25. Nd3 Kd6 26. Rde1 Re8 27. Re2 Re7 28. h4 e5 29. Rhe1 Rge8 30. g5 e4 31. gxh6 exd3+ 32. Kxd3 Rxe2 33. Rxe2 Rg8 34. h5 Rg5 35. Rh2 Rg3 36. Ke2 Rg5 37. Kf2 Ke6 38. Rh4 Kf5 39. b3 a6 40. c4 dxc4 41. bxc4 Rg8 42. Rg4 Rc8 43. Rg7 Rxc4 44. Rxh7 Rc2+ 45. Kf1 Rh2 46. Rb7 Rxh5 47. h7 Kg6 48. Rxb6 Rxh7 49. Rxa6 Rd7 50. Re6 Rxd4 51. Re4 Rd6 52. Rxf4 Ra6 53. Rb4 f5 54. Kf2 Kg5 55. Kg3 Rh6 56. a5 Ra6 57. Ra4 f4+ 58. Kh3 Kf5 59. Ra1 Kg5 60. Kg2 Kf5 61. Kf2 Ke5 62. Ke2 Kd5 63. Ra4 Ke5 64. Kd3 Kd5 65. Rxf4 Ke5 66. Ra4 Kf5 67. Ke3 Ke5 68. f4+ Kf5 69. Kf3 Kf6 70. Kg4 Kg6 71. f5+ Kf6 72. Kf4 Kf7 73. Kg5 Kg7 74. f6+ Rxf6 75. a6 Rf8 76. a7 Ra8 77. Kf5 Kf7 78. Rh4 Ke7 79. Ke5 Kd7 80. Kd5 Kc7 81. Kc5 Kb7 82. Rh7+ Ka6 83. Kc6 Rc8+ 84. Kd7 Ra8 85. Rh1 Rxa7+ 86. Kc6 Rg7 87. Ra1# 1-0


[Site "https://www.chess.com"]

[Event "Titled Tuesday Blitz December 06 Early 2022"]
[White "Andreikin, Dmitry"]
[Black "Matinian, Nikita"]
[WhiteFideId "4158814"]
[BlackFideId "24129100"]
[WhiteElo "2735"]
[BlackElo "2422"]
[Result "1-0"]
[Round "07"]
[TimeControl "180+1"]
[Date "2022.12.06"]
[WhiteClock "0:00:15"]
[BlackClock "0:00:02"]

1. Nf3 Nf6 2. g3 g6 3. Bg2 Bg7 4. O-O d6 5. d4 O-O 6. b3 a5 7. a4 Na6 8. Bb2 c6 9. Nbd2 d5 10. Re1 Bf5 11. Nh4 Be6 12. Ba3 Re8 13. c3 Qc8 14. Nhf3 Bh3 15. e4 Bxg2 16. Kxg2 dxe4 17. Nxe4 Nc7 18. Qc2 Nxe4 19. Rxe4 Qf5 20. Rae1 e6 21. c4 Na6 22. Qe2 Nb4 23. Bc1 h6 24. Ne5 Rad8 25. g4 Qf6 26. Rf4 Qh4 27. Nxf7 Rxd4 28. Nxh6+ Kh7 29. Rxd4 Bxd4 30. Nf7 Nd3 31. Ng5+ Kh8 32. Qxd3 Qxf2+ 33. Kh3 Qxe1 34. Qxd4+ e5 35. Qe3 Qxe3+ 36. Bxe3 Kg7 37. Kg3 Kf6 38. Ne4+ Kf7 39. Nd6+ 1-0


[Site "https://www.chess.com"]

[Event "Titled Tuesday Blitz December 06 Early 2022"]
[White "Artemenko, Oleg"]
[Black "Korobov, Anton"]
[WhiteFideId "14201798"]
[BlackFideId "14105730"]
[WhiteElo "2287"]
[BlackElo "2635"]
[Result "1/2-1/2"]
[Round "07"]
[TimeControl "180+1"]
[Date "2022.12.06"]
[WhiteClock "0:00:08"]
[BlackClock "0:00:06"]

1. d4 Nf6 2. Nc3 d5 3. Bf4 a6 4. e3 e6 5. g4 c5 6. g5 Nfd7 7. Nf3 Nc6 8. h4 b5 9. h5 Nb6 10. Bh3 Nc4 11. g6 hxg6 12. hxg6 f6 13. Qc1 e5 14. Bd7+ Qxd7 15. Rxh8 exf4 16. b3 Qg4 17. bxc4 Qxf3 18. Nxd5 Bg4 19. Qd1 Qg2 20. Qd3 O-O-O 21. Nxf4 Qg1+ 22. Qf1 Qxf1+ 23. Kxf1 cxd4 24. Rh4 Bf5 25. e4 Bxe4 26. Ne6 Bxg6 27. Nxd8 Kxd8 28. cxb5 axb5 29. Rh8 Ke8 30. Re1+ Kf7 31. Re2 d3 32. cxd3 Bxd3 33. Ke1 Bb4+ 34. Rd2 Nd4 35. Kd1 Bxd2 36. Kxd2 Bc4 37. Kc3 Ne2+ 38. Kd2 Nf4 39. Ra8 g5 40. Kc3 Bf1 41. Kd4 Kg6 42. Ke4 Bd3+ 43. Ke3 Bc4 44. Kd4 Ne6+ 45. Kc3 Bf1 46. Kd2 g4 47. Ke3 f5 48. Ra6 Kf6 49. f4 gxf3 50. Kxf3 Bc4 51. a4 Bd5+ 52. Kf2 bxa4 53. Rxa4 Ke5 54. Ke3 f4+ 55. Kf2 Nc5 56. Ra3 Ne4+ 57. Ke1 Ng5 58. Kf2 Ne4+ 59. Kf3 Nd6+ 60. Kf2 Bh1 61. Ra4 Ne4+ 62. Kg1 Bf3 63. Ra3 Bg4 64. Kg2 Kd4 65. Ra4+ Ke3 66. Ra3+ Ke2 67. Ra2+ Nd2 68. Ra7 f3+ 69. Kg3 f2 70. Re7+ Kf1 71. Kxg4 Kg2 72. Rf7 f1=Q 73. Rxf1 Nxf1 1/2-1/2


[Site "https://www.chess.com"]

[Event "Titled Tuesday Blitz December 06 Early 2022"]
[White "Atakhan, Abtin"]
[Black "Madaminov, Mukhiddin"]
[WhiteFideId "22502203"]
[BlackFideId "14210703"]
[WhiteElo "2644"]
[BlackElo "2813"]
[Result "1/2-1/2"]
[Round "07"]
[TimeControl "180+1"]
[Date "2022.12.07"]
[WhiteClock "0:00:03"]
[BlackClock "0:00:06"]

1. d4 Nf6 2. c4 e6 3. Nf3 b6 4. g3 Ba6 5. b3 Bb4+ 6. Bd2 Be7 7. Bg2 c6 8. Bc3 d5 9. Nbd2 O-O 10. O-O Nbd7 11. Re1 c5 12. e4 dxc4 13. Nxc4 Bxc4 14. bxc4 cxd4 15. Nxd4 Ne5 16. Nxe6 fxe6 17. Bxe5 Bc5 18. Qe2 Nd7 19. Bf4 g5 20. Qg4 Kh8 21. Bxg5 Ne5 22. Qh4 Bxf2+ 23. Kh1 Qc7 24. Bf6+ Kg8 25. Qf4 Bxe1 26. Rxe1 Rxf6 27. Qxf6 Rf8 28. Qxe6+ Kg7 29. Rf1 Rxf1+ 30. Bxf1 Qc5 31. Qd5 Qe7 32. Be2 Qf6 33. Kg2 Ng6 34. Qd7+ Kh6 35. Qd2+ Kg7 36. h4 Qe7 37. Qd4+ Ne5 38. Qd5 Ng6 39. Bh5 Ne5 40. Be2 Qf6 41. Qb7+ Nf7 42. Qxa7 Qb2 43. Kf1 Qc1+ 44. Kf2 Qh1 45. Qxb6 Qh2+ 46. Ke1 Qxg3+ 47. Qf2 Qc3+ 48. Kf1 Qa1+ 49. Kg2 Qxa2 50. Bh5 Qxf2+ 51. Kxf2 Nd6 52. Ke3 Nxc4+ 53. Kd4 Nd6 54. Bg4 Nf7 55. Kd5 Kf6 56. Be6 Ne5 57. Bf5 h6 58. Kd4 Nf3+ 59. Ke3 Nxh4 60. Bh3 Ke5 61. Kd3 Nf3 62. Ke3 Ng5 63. Bf5 h5 64. Bg6 h4 65. Bf5 Nf7 66. Kf3 Nh6 67. Bh3 Kf6 68. Kf4 Nf7 69. Kg4 Ke5 70. Kxh4 Kxe4 1/2-1/2


[Site "https://www.chess.com"]

[Event "Titled Tuesday Blitz December 06 Early 2022"]
[White "Averjanov, Alexey"]
[Black "Mitrovic, Darko R"]
[WhiteFideId "14109867"]
[BlackFideId "927023"]
[WhiteElo "2694"]
[BlackElo "2150"]
[Result "1-0"]
[Round "07"]
[TimeControl "180+1"]
[Date "2022.12.07"]
[WhiteClock "0:02:16"]
[BlackClock "0:00:02"]

1. d4 Nf6 2. c4 e6 3. Nf3 Bb4+ 4. Nbd2 O-O 5. g3 d6 6. Bg2 Nc6 7. O-O Bxd2 8. Qxd2 e5 9. b3 h6 10. Bb2 Qe7 11. dxe5 dxe5 12. Rad1 Bf5 13. Qc1 Rfd8 14. Rxd8+ Rxd8 15. Rd1 Rxd1+ 16. Qxd1 Nd7 17. Nd2 f6 18. Ne4 Be6 19. Nc3 a6 20. Nd5 Qd6 21. Qc1 b6 22. Ba3 Nc5 23. b4 Nd7 24. b5 Nc5 25. bxc6 1-0


[Site "https://www.chess.com"]

[Event "Titled Tuesday Blitz December 06 Early 2022"]
[White "Bambino Filho, Antonio Carlos"]
[Black "Aloma Vidal, Robert"]
[WhiteFideId "2113163"]
[BlackFideId "2260409"]
[WhiteElo "2391"]
[BlackElo "2639"]
[Result "0-1"]
[Round "07"]
[TimeControl "180+1"]
[Date "2022.12.07"]
[WhiteClock "0:00:22"]
[BlackClock "0:00:15"]

1. e4 e5 2. Nf3 Nf6 3. Nxe5 d6 4. Nf3 Nxe4 5. Nc3 Nf6 6. d4 g6 7. Bc4 Bg7 8. h3 O-O 9. O-O a6 10. a4 Nc6 11. a5 d5 12. Bb3 h6 13. Bf4 Be6 14. Re1 Ne7 15. Na4 Nd7 16. Qd2 Kh7 17. Ne5 Nxe5 18. Bxe5 Bxe5 19. Rxe5 Nc6 20. Re2 Qf6 21. c3 Nxa5 22. Ba2 b6 23. Rae1 Rad8 24. b4 Nc4 25. Bxc4 dxc4 26. Re5 Rd5 27. Qe3 Rxe5 28. dxe5 Qf5 29. Re2 Rd8 30. Nb2 Qb1+ 31. Kh2 Rd7 32. f4 h5 33. g4 hxg4 34. Rg2 Qf1 35. hxg4 Bd5 36. Rd2 Qh1+ 37. Kg3 Kg8 38. f5 b5 39. e6 fxe6 40. fxe6 Re7 41. Rh2 Qe4 42. Qh6 Qe5+ 43. Kf2 Qg7 44. Nd1 Qxh6 45. Rxh6 Kg7 46. Ne3 Kxh6 47. Nxd5 Rxe6 48. Nxc7 Rd6 49. Ne8 Rd3 50. g5+ Kxg5 0-1


[Site "https://www.chess.com"]

[Event "Titled Tuesday Blitz December 06 Early 2022"]
[White "Battlecruiser_Operational"]
[Black "Williams, Simon K"]
[BlackFideId "404454"]
[WhiteElo "2251"]
[BlackElo "2527"]
[Result "0-1"]
[Round "07"]
[TimeControl "180+1"]
[Date "2022.12.07"]
[WhiteClock "0:00:04"]
[BlackClock "0:00:09"]

1. d4 e6 2. c4 f5 3. g3 Nf6 4. Bg2 Be7 5. Nh3 O-O 6. Nf4 d6 7. Nc3 c6 8. Nd3 Qc7 9. O-O e5 10. dxe5 dxe5 11. e4 Na6 12. Qe2 Nc5 13. exf5 Bxf5 14. Nxe5 Rae8 15. f4 Bd6 16. Qf2 Nd3 17. Nxd3 Bxd3 18. Rd1 Ng4 19. Qd4 Qe7 20. Na4 Qe1+ 21. Rxe1 Rxe1+ 22. Bf1 Bxf1 23. Bd2 Rxa1 24. b4 Rxa2 25. Kxf1 Rxa4 26. Qxd6 Nf6 27. Bc3 Ra3 28. Qd4 Re8 29. Kg2 Ra2+ 30. Kh3 Rae2 31. b5 cxb5 32. cxb5 b6 33. Qc4+ Kh8 34. Bxf6 gxf6 35. Qd4 R2e6 36. Kg4 Kg7 37. Kf5 R8e7 38. g4 h6 39. h4 Kf7 40. Qd5 Re8 41. g5 hxg5 42. hxg5 Re7 43. g6+ Kg7 44. Qxe6 Rxe6 45. Kxe6 Kxg6 46. Ke7 Kf5 47. Kf7 Kxf4 48. Kxf6 Ke4 49. Ke6 Kd4 50. Kd6 Kc4 51. Kc6 Kb4 52. Kb7 Kxb5 53. Kxa7 Ka5 0-1


[Site "https://www.chess.com"]

[Event "Titled Tuesday Blitz December 06 Early 2022"]
[White "Begunov, Konstantin"]
[Black "Omariev, Maksim"]
[WhiteFideId "4118510"]
[BlackFideId "4193423"]
[WhiteElo "2141"]
[BlackElo "2440"]
[Result "0-1"]
[Round "07"]
[TimeControl "180+1"]
[Date "2022.12.07"]
[WhiteClock "0:00:16"]
[BlackClock "0:00:17"]

1. d4 g6 2. c4 Bg7 3. Nc3 d6 4. e4 Nc6 5. Be3 e5 6. Nge2 f5 7. exf5 Bxf5 8. d5 Nce7 9. Ng3 Qd7 10. Bd3 Nf6 11. f3 c5 12. dxc6 bxc6 13. O-O O-O 14. Re1 Rab8 15. b3 d5 16. cxd5 cxd5 17. Bc5 Qc7 18. b4 Bc8 19. Nb5 Qd7 20. Rxe5 Nc6 21. Re2 Re8 22. Rc1 Ba6 23. a4 Rxe2 24. Nxe2 Ne5 25. Ned4 Nxd3 26. Qxd3 Nh5 27. Qb3 Nf4 28. Rd1 Re8 29. Nxa7 Bc4 30. Qb2 Ne2+ 31. Kf2 Qxa4 32. Re1 Kf7 33. Nac6 Qxc6 34. Nxc6 Bxb2 35. Be3 Nc3 36. Bd4 Rxe1 37. Kxe1 Na4 38. Ba7 Bc3+ 39. Kd1 Bb5 40. Nd4 Bxd4 41. Bxd4 Bc4 42. Kc2 Ke6 43. Bg7 Kd7 44. h4 Nb6 45. Bd4 Nc8 46. g4 Nd6 47. Kc3 Nb5+ 48. Kd2 Nxd4 49. f4 Nc6 50. h5 Nxb4 51. hxg6 hxg6 52. Ke3 Ke6 53. f5+ gxf5 54. gxf5+ Kxf5 55. Kd4 Nc6+ 56. Kc3 Ne5 57. Kd2 Ke6 58. Kc3 Kd6 59. Kd4 Nd7 60. Kc3 Kc5 61. Kd2 Nb6 62. Kc2 d4 63. Kd2 Nd5 64. Kc2 d3+ 65. Kd2 Kd4 66. Kd1 Kc3 67. Kc1 d2+ 68. Kd1 Bb3+ 69. Ke2 d1=Q+ 70. Kf2 Qd2+ 0-1


[Site "https://www.chess.com"]

[Event "Titled Tuesday Blitz December 06 Early 2022"]
[White "Boros, Denes"]
[Black "Omelja, Artem"]
[WhiteFideId "722340"]
[BlackFideId "14119846"]
[WhiteElo "2764"]
[BlackElo "2565"]
[Result "1-0"]
[Round "07"]
[TimeControl "180+1"]
[Date "2022.12.07"]
[WhiteClock "0:00:37"]
[BlackClock "0:00:04"]

1. Nf3 d5 2. Nc3 Nf6 3. d4 Bf5 4. Bg5 e6 5. e3 Be7 6. Ne5 O-O 7. g4 Bg6 8. h4 h6 9. Bxf6 gxf6 10. Nxg6 fxg6 11. Qd3 Kg7 12. h5 Qe8 13. hxg6 Qxg6 14. O-O-O Qxd3 15. Bxd3 c5 16. dxc5 Bxc5 17. Ne2 Nc6 18. Nf4 Rae8 19. c3 Bd6 20. Nh5+ Kf7 21. Kb1 Ne5 22. Be2 Rg8 23. Rh4 Ng6 24. Rh3 Ne5 25. f3 Bc5 26. Rdh1 Rh8 27. Kc2 Rc8 28. f4 Nc4 29. Bxc4 dxc4 30. f5 exf5 31. gxf5 Rcg8 32. R1h2 Rg5 33. e4 Re8 34. Rh4 Bd6 35. Rd2 Bc7 36. b3 cxb3+ 37. Kxb3 Re7 38. a4 Rg1 39. Rh3 Rb1+ 40. Kc2 Re1 41. Rg2 R1xe4 42. Rg7+ Kf8 43. Rg6 Re2+ 44. Kd3 Bb6 45. Rxf6+ Ke8 46. Kc4 R2e4+ 47. Kb3 R7e5 48. Rxh6 Kd7 49. Nf6+ Kc7 50. Nxe4 Rxe4 51. Rf3 Bc5 52. f6 a6 53. f7 Bf8 54. Rh8 Bg7 55. Re8 Bf8 56. Rxe4 1-0


[Site "https://www.chess.com"]

[Event "Titled Tuesday Blitz December 06 Early 2022"]
[White "Bortnyk, Olexandr"]
[Black "Holt, Conrad"]
[WhiteFideId "14120828"]
[BlackFideId "2034387"]
[WhiteElo "2723"]
[BlackElo "2592"]
[Result "1-0"]
[Round "07"]
[TimeControl "180+1"]
[Date "2022.12.06"]
[WhiteClock "0:00:05"]
[BlackClock "0:00:07"]

1. e4 e6 2. d4 d5 3. Nc3 Nf6 4. Qd3 Bb4 5. e5 Ne4 6. a3 Bxc3+ 7. bxc3 c5 8. Ne2 cxd4 9. cxd4 Qa5+ 10. c3 b6 11. f3 Ba6 12. Qe3 Bxe2 13. Bxe2 Qxc3+ 14. Qxc3 Nxc3 15. Bd3 Nd7 16. a4 Rc8 17. Kd2 b5 18. axb5 Nb6 19. Rxa7 O-O 20. Ba3 Rfe8 21. Rc1 Nca4 22. Rxc8 Rxc8 23. Bb4 h5 24. Ba5 g6 25. Bxb6 Nxb6 26. Rb7 Na4 27. b6 Kg7 28. Bb5 Ra8 29. Kc2 Ra5 30. Bxa4 Rxa4 31. Kb3 Rxd4 32. Rc7 Rd3+ 33. Rc3 Rd1 34. Rc2 d4 35. b7 d3 36. Rb2 h4 37. b8=Q h3 38. gxh3 Rf1 39. Qd8 Rxf3 40. Rd2 Rf5 41. Rxd3 Rxe5 42. Qc7 Rf5 43. Rd7 Kg8 44. Re7 Kg7 45. Re8 Rf3+ 46. Kc2 Rf5 47. Qd8 Kh6 48. Rh8+ Kg7 49. Rh4 g5 50. Qh8+ Kg6 51. Rh6# 1-0


[Site "https://www.chess.com"]

[Event "Titled Tuesday Blitz December 06 Early 2022"]
[White "Boyer, Mahel"]
[Black "Galchenko, Matvey"]
[WhiteFideId "45102422"]
[BlackFideId "24175480"]
[WhiteElo "2455"]
[BlackElo "2404"]
[Result "1-0"]
[Round "07"]
[TimeControl "180+1"]
[Date "2022.12.06"]
[WhiteClock "0:00:05"]
[BlackClock "0:00:08"]

1. e4 e6 2. Nf3 d5 3. exd5 exd5 4. c4 Nf6 5. cxd5 Nxd5 6. Bc4 Nb6 7. Bb3 c5 8. d4 Nc6 9. Qe2+ Qe7 10. Qxe7+ Bxe7 11. dxc5 Bxc5 12. O-O O-O 13. Nc3 Bg4 14. Ng5 Rad8 15. Nge4 Be7 16. h3 Bf5 17. Be3 Nd4 18. Rfd1 Nxb3 19. axb3 Rxd1+ 20. Rxd1 Be6 21. Bc5 Bxc5 22. Nxc5 Bc8 23. Nb5 a6 24. Nd6 Rd8 25. Re1 Kf8 26. Ncxb7 Bxb7 27. Nxb7 Rd2 28. Nc5 Rxb2 29. Ra1 Nd5 30. Rxa6 Nf4 31. Ra4 g5 32. h4 h6 33. hxg5 hxg5 34. Ne4 Ne2+ 35. Kh2 Rxb3 36. Nxg5 Rb5 37. Nh3 Rb2 38. Rg4 Nc3 39. Rf4 Nd5 40. Rf5 Ne7 41. Rf3 Ng6 42. Re3 Kg7 43. Kg3 Rb4 44. Rf3 Rb1 45. Rc3 Ne5 46. Nf4 Kf6 47. f3 Rb2 48. Rc5 Nd7 49. Ra5 Rd2 50. Nd5+ Kg7 51. Ne3 Rb2 52. Nf5+ Kf6 53. Nd4 Rb1 54. Ra6+ Kg7 55. Nf5+ Kh7 56. Rh6+ Kg8 57. Rd6 Nc5 58. Rd8+ Kh7 59. Rf8 Kg6 60. Ne7+ Kg7 61. Rc8 Ne6 62. Nf5+ Kf6 63. Nd6 Rb2 64. Ne4+ Kg7 65. Rc4 Ra2 66. Rb4 Rc2 67. Rb5 Nd4 68. Rg5+ Kf8 69. Rd5 Ne2+ 70. Kg4 Ra2 71. g3 Ra3 72. Nf6 Kg7 73. Nh5+ Kf8 74. f4 Nc3 75. Re5 Ra1 76. Nf6 Rg1 77. Kf5 Rd1 78. Re8+ Kg7 79. Rg8+ Kh6 80. g4 Rd5+ 81. Nxd5 Nxd5 82. Rh8+ Kg7 83. Rh1 Ne7+ 84. Ke4 Ng6 85. f5 Ne7 86. g5 f6 87. g6 Ng8 88. Rh7+ Kf8 89. Ra7 Ke8 90. Kd5 Nh6 91. Ke6 Kf8 92. Rf7+ Kg8 93. Rxf6 Ng4 94. Rf7 Ne3 95. Rc7 Ng4 96. f6 Nxf6 97. Kxf6 1-0


[Site "https://www.chess.com"]

[Event "Titled Tuesday Blitz December 06 Early 2022"]
[White "Buscar, Michael"]
[Black "Borgaonkar Akshay"]
[WhiteFideId "2603616"]
[BlackFideId "25639110"]
[WhiteElo "2377"]
[BlackElo "2509"]
[Result "1/2-1/2"]
[Round "07"]
[TimeControl "180+1"]
[Date "2022.12.07"]
[WhiteClock "0:00:10"]
[BlackClock "0:00:04"]

1. Nf3 Nf6 2. b3 d5 3. Bb2 Bf5 4. e3 e6 5. c4 c6 6. cxd5 cxd5 7. Be2 Nc6 8. O-O Bd6 9. d3 O-O 10. a3 e5 11. Nbd2 e4 12. dxe4 dxe4 13. Nd4 Nxd4 14. Bxd4 Qe7 15. Qc1 Rac8 16. Qb2 Rfd8 17. Rfd1 h5 18. Nf1 Ng4 19. Ng3 Qg5 20. Bxg4 Bxg4 21. Nxe4 Qh4 22. Nxd6 Rxd6 23. Rdc1 Rxc1+ 24. Rxc1 Rg6 25. Be5 Qg5 26. Bf4 Qf5 27. Qe5 Qxe5 28. Bxe5 Bf3 29. Bg3 Bc6 30. h4 Re6 31. Rd1 a6 32. Rd8+ Kh7 33. Rd6 Re4 34. Kf1 Re8 35. Rd4 Rc8 36. a4 Re8 37. Rd3 Re4 38. f3 Re6 39. Kf2 Kg6 40. e4 f6 41. Ke3 Re8 42. Rd6 Kf7 43. Be1 Rc8 44. Bb4 Be8 45. Rd3 Rc1 46. Kf4 Rh1 47. g3 Rf1 48. Rd8 Bc6 49. Rd3 Kg6 50. Bf8 Rb1 51. Bc5 Rc1 52. Be3 Rc2 53. Bd2 Rb2 54. Ke3 Rb1 55. Kf4 Rf1 56. Bb4 Rc1 57. Re3 Rc2 58. Bd6 Rd2 59. e5 Rd4+ 60. Re4 Bxe4 61. fxe4 fxe5+ 62. Kxe5 Rd3 63. b4 Rxg3 64. Be7 Rg1 65. Kd6 Re1 66. e5 Kf5 67. Bg5 Rxe5 68. Kc7 Re4 69. b5 Rxa4 70. b6 Rb4 71. Kxb7 a5 72. Ka7 a4 73. Bc1 Rc4 74. b7 Rc7 75. Ka8 Rxb7 76. Kxb7 Kg4 77. Bb2 Kxh4 78. Bxg7 Kg3 79. Ka6 h4 80. Ka5 h3 81. Kxa4 h2 82. Be5+ Kg2 83. Bxh2 1/2-1/2


[Site "https://www.chess.com"]

[Event "Titled Tuesday Blitz December 06 Early 2022"]
[White "Chernomordik, Pavel"]
[Black "Tsyhanchuk, Stanislav"]
[WhiteFideId "2804530"]
[BlackFideId "13505130"]
[WhiteElo "2193"]
[BlackElo "2173"]
[Result "0-1"]
[Round "07"]
[TimeControl "180+1"]
[Date "2022.12.07"]
[WhiteClock "0:00:53"]
[BlackClock "0:00:34"]

1. e4 c5 2. Nc3 Nc6 3. Bb5 Nd4 4. Bc4 e6 5. Nge2 Nxe2 6. Qxe2 a6 7. a4 Qc7 8. O-O g6 9. f4 Bg7 10. f5 Be5 11. h3 Nf6 12. fxe6 fxe6 13. d3 O-O 14. Bh6 Rf7 15. g4 Bd4+ 16. Kg2 b6 17. g5 Nh5 18. Qg4 Nf4+ 19. Kh1 d5 20. Ne2 Nxe2 21. Rxf7 Qxf7 22. exd5 exd5 23. Qxe2 dxc4 24. Rf1 Bb7+ 25. Kh2 Qc7+ 0-1


[Site "https://www.chess.com"]

[Event "Titled Tuesday Blitz December 06 Early 2022"]
[White "Chlpik, Martin"]
[Black "Ciuffoletti, Paolo"]
[WhiteFideId "14923351"]
[BlackFideId "807630"]
[WhiteElo "2109"]
[BlackElo "2143"]
[Result "0-1"]
[Round "07"]
[TimeControl "180+1"]
[Date "2022.12.07"]
[WhiteClock "0:02:18"]
[BlackClock "0:02:09"]

1. d4 d5 2. c4 c6 3. cxd5 cxd5 4. Nc3 Nc6 5. Bf4 e5 6. dxe5 d4 7. Ne4 Qb6 8. Qb3 Bb4+ 9. Bd2 Be6 10. Nd6+ Kf8 11. Bxb4 Bxb3 12. Ba3 Qa5+ 0-1


[Site "https://www.chess.com"]

[Event "Titled Tuesday Blitz December 06 Early 2022"]
[White "Clawitter, Craig"]
[Black "Zaksaite, Salomeja"]
[WhiteFideId "2023105"]
[BlackFideId "12801496"]
[WhiteElo "2178"]
[BlackElo "2079"]
[Result "0-1"]
[Round "07"]
[TimeControl "180+1"]
[Date "2022.12.07"]
[WhiteClock "0:00:01"]
[BlackClock "0:01:03"]

1. e4 c5 2. Nf3 Nc6 3. d4 cxd4 4. Nxd4 Nf6 5. Nc3 e5 6. Ndb5 d6 7. Bg5 a6 8. Na3 b5 9. Bxf6 gxf6 10. Nd5 Bg7 11. Bd3 Ne7 12. Nxe7 Qxe7 13. O-O f5 14. exf5 d5 15. c3 e4 16. Re1 Bxf5 17. Nc2 O-O 18. a4 bxa4 19. Bf1 Rab8 20. Nb4 Rxb4 21. cxb4 d4 22. Rxa4 Qb7 23. Bxa6 Qb6 24. Bf1 d3 25. b5 Re8 26. Qd2 Qxb5 27. Rb4 Qa5 28. Bxd3 Rd8 29. Rb8 Qxd2 30. Rxd8+ Bf8 31. Ra1 exd3 32. h3 Qxb2 33. Raa8 Qb4 0-1


[Site "https://www.chess.com"]

[Event "Titled Tuesday Blitz December 06 Early 2022"]
[White "Cramling Bellon, Anna"]
[Black "Nepo"]
[WhiteFideId "32009232"]
[WhiteElo "1972"]
[BlackElo "2228"]
[Result "1-0"]
[Round "07"]
[TimeControl "180+1"]
[Date "2022.12.07"]
[WhiteClock "0:00:36"]
[BlackClock "0:00:57"]

1. d4 Nf6 2. c4 e6 3. Nc3 d5 4. cxd5 exd5 5. Bg5 Bb4 6. e3 O-O 7. Bd3 h6 8. Bh4 Be6 9. Ne2 Nbd7 10. O-O c6 11. Nf4 Be7 12. Nxe6 fxe6 13. Bc2 e5 14. dxe5 Nxe5 15. Bg3 Bd6 16. Bxe5 Bxe5 17. Qd3 Bc7 18. g3 Qe7 19. Ne2 Ne4 20. Nf4 Qg5 21. Ne6 Qg4 22. Nxc7 Rf3 23. Nxa8 Nxg3 24. Qh7+ 1-0


[Site "https://www.chess.com"]

[Event "Titled Tuesday Blitz December 06 Early 2022"]
[White "Crevatin, Leo"]
[Black "Kashtanov, Ruslan"]
[WhiteFideId "1726307"]
[BlackFideId "4124871"]
[WhiteElo "2537"]
[BlackElo "2455"]
[Result "0-1"]
[Round "07"]
[TimeControl "180+1"]
[Date "2022.12.07"]
[WhiteClock "0:00:01"]
[BlackClock "0:00:04"]

1. d4 Nf6 2. Bf4 e6 3. e3 d5 4. Nf3 Bd6 5. Ne5 O-O 6. Nd2 c5 7. c3 Qc7 8. Bd3 Nfd7 9. Ndf3 f6 10. Nxd7 Nxd7 11. Bxd6 Qxd6 12. O-O c4 13. Bc2 b5 14. e4 Bb7 15. Qe2 dxe4 16. Bxe4 Bxe4 17. Qxe4 Qd5 18. Rfe1 Qxe4 19. Rxe4 Kf7 20. Rae1 Rfe8 21. Nd2 Nb6 22. Nf1 a5 23. Ne3 b4 24. h3 Rac8 25. Rc1 Rc6 26. a3 bxa3 27. bxa3 Na4 28. d5 exd5 29. Rxe8 Kxe8 30. Nxd5 Kf7 31. Ne3 g6 32. Kf1 f5 33. g3 Ke6 34. Ke2 g5 35. Kd2 f4 36. gxf4 gxf4 37. Nc2 Kd5 38. Rg1 f3 39. Rg5+ Ke4 40. Rxa5 Rd6+ 41. Nd4 Nb2 42. Ra8 Nd3 43. Re8+ Kd5 44. Ke3 Rh6 45. Nxf3 Rxh3 46. Rf8 Kc5 47. Rf5+ Kb6 48. Ke2 h5 49. Nd4 Rh2 50. a4 Nb2 51. a5+ Ka6 52. Re5 Na4 53. Rd5 Nxc3+ 0-1


[Site "https://www.chess.com"]

[Event "Titled Tuesday Blitz December 06 Early 2022"]
[White "Czopor, Maciej"]
[Black "Kuznetsov, Mikhail"]
[WhiteFideId "21805431"]
[BlackFideId "4117190"]
[WhiteElo "2628"]
[BlackElo "2472"]
[Result "1/2-1/2"]
[Round "07"]
[TimeControl "180+1"]
[Date "2022.12.07"]
[WhiteClock "0:00:32"]
[BlackClock "0:00:21"]

1. c4 Nf6 2. Nc3 d5 3. cxd5 Nxd5 4. Nf3 g6 5. g3 Bg7 6. Bg2 O-O 7. O-O Nb6 8. d4 Nc6 9. e3 e5 10. dxe5 Qxd1 11. Rxd1 Nxe5 12. Nxe5 Bxe5 13. Nb5 c6 14. Nd4 Rd8 15. Bd2 Bxd4 16. exd4 Rxd4 17. Bc3 Rxd1+ 18. Rxd1 Bg4 19. Rd6 Re8 20. h3 Be6 21. b3 Nd5 22. Bd4 a6 23. Kh2 Nb4 24. a3 Nc2 25. Bc5 Bxb3 26. Rd7 Bd5 27. Rxb7 Bxg2 28. Kxg2 h5 29. Rb6 g5 30. g4 Ne1+ 31. Kf1 hxg4 32. hxg4 Nd3 33. Be3 Ne5 34. Rxa6 Nxg4 35. Bxg5 Rc8 36. Ke2 c5 37. f3 Re8+ 38. Kd2 Ne5 39. f4 Nf3+ 40. Kd3 Nxg5 41. fxg5 Re5 42. g6 fxg6 43. Rxg6+ Kf8 44. Rc6 Ke7 45. Kc4 Kd7 46. Rxc5 Rxc5+ 47. Kxc5 Kc7 48. a4 Kb8 49. Kb5 Ka8 50. Ka5 Kb8 51. Kb4 Ka8 52. Kb3 Kb8 53. Kb2 Ka8 54. Ka3 Kb8 55. Ka2 Ka8 56. Ka1 Kb8 57. Kb1 Ka8 58. Kb2 Kb8 59. Ka2 Ka8 60. Ka3 Kb8 61. Kb3 Ka8 62. Kb4 Kb8 63. Kc4 Ka8 64. Kc3 Kb8 65. Kc2 Ka8 66. Kc1 Kb8 67. Kb1 Ka8 68. Ka1 Kb8 69. Ka2 1/2-1/2


[Site "https://www.chess.com"]

[Event "Titled Tuesday Blitz December 06 Early 2022"]
[White "Daneshvar, Bardiya"]
[Black "Volkov, Maksim"]
[WhiteFideId "12576468"]
[BlackFideId "54123070"]
[WhiteElo "2429"]
[BlackElo "2257"]
[Result "1-0"]
[Round "07"]
[TimeControl "180+1"]
[Date "2022.12.06"]
[WhiteClock "0:01:08"]
[BlackClock "0:00:04"]

1. b3 e5 2. Bb2 Nc6 3. e3 Nf6 4. Bb5 e4 5. Ne2 a6 6. Bxc6 dxc6 7. Ng3 Bd6 8. Bxf6 Qxf6 9. Nc3 Bxg3 10. hxg3 Bf5 11. Qh5 Bg6 12. Qh4 Qe5 13. Qf4 Qe7 14. O-O-O O-O-O 15. Kb2 Kb8 16. f3 exf3 17. gxf3 Rhe8 18. e4 a5 19. d4 f6 20. a3 Rd7 21. g4 Red8 22. Ne2 Qe6 23. Qe3 c5 24. d5 Qb6 25. Nf4 Re8 26. Qc3 a4 27. Nd3 axb3 28. cxb3 c4 29. Qxc4 Qe3 30. Nc5 Rd6 31. Qc3 Qxc3+ 32. Kxc3 c6 33. Ne6 cxd5 34. exd5 Bf7 35. Nxg7 Re3+ 36. Rd3 Rxd3+ 37. Kxd3 Bxd5 38. Ke3 Bxb3 39. Rxh7 Bc2 40. Rh8+ Ka7 41. Rf8 b5 42. Ne8 Rd3+ 43. Ke2 Rxa3 44. Rxf6 b4 45. Nd6 Ra2 46. Nb5+ Kb7 47. Nd4 Ba4+ 48. Kd3 b3 49. Rf7+ Kb6 50. Rf6+ Kb7 51. Nxb3 Bxb3 52. g5 Rg2 53. f4 Kc7 54. Ke4 Kd7 55. Ra6 Ke7 56. Ra7+ Kd6 57. Kf5 Bc2+ 58. Kf6 Rf2 59. Ra6+ Kd5 60. Ra5+ Ke4 61. f5 Kf4 62. g6 Rg2 63. Ra2 1-0


[Site "https://www.chess.com"]

[Event "Titled Tuesday Blitz December 06 Early 2022"]
[White "Danielyan, Vahe"]
[Black "Rakhmatullaev, Almas"]
[WhiteFideId "13304828"]
[BlackFideId "14205793"]
[WhiteElo "2585"]
[BlackElo "2764"]
[Result "0-1"]
[Round "07"]
[TimeControl "180+1"]
[Date "2022.12.07"]
[WhiteClock "0:00:24"]
[BlackClock "0:00:36"]

1. e4 e5 2. Nf3 Nc6 3. Nc3 Nf6 4. Bb5 Nd4 5. O-O Nxb5 6. Nxb5 c6 7. Nc3 d6 8. d4 Qc7 9. h3 Be7 10. a4 O-O 11. Bg5 h6 12. Bxf6 Bxf6 13. d5 Bd7 14. Qd3 c5 15. Nd2 b6 16. Nc4 a6 17. Ne3 Rfb8 18. Nf5 Bg5 19. h4 Bf6 20. Qg3 Kh7 21. Nd1 Bxf5 22. exf5 e4 23. Re1 Re8 24. Qg4 Qd7 25. c3 Re5 26. Ne3 Rb8 27. Red1 Re7 28. g3 Qb7 29. Re1 b5 30. axb5 axb5 31. Rad1 Ra8 32. Ng2 Ra2 33. Re2 b4 34. Rxe4 Rxe4 35. Qxe4 Rxb2 36. c4 b3 37. g4 Qe7 38. Qxe7 Bxe7 39. f4 Bf6 40. g5 Bd4+ 41. Kh2 Rc2 42. h5 hxg5 43. fxg5 b2 44. g6+ fxg6 45. hxg6+ Kh6 46. Kg3 Rc1 47. f6 Rxd1 0-1


[Site "https://www.chess.com"]